 Dungeon Crawl Stone Soup version 0.29-a0-824-gd827844252 (webtiles) character file.

Game seed: 6170727637790245833

58 mattiecakes the Poker (level 4, -8/29 (38) HPs)
             Began as a Meteoran Cinder Acolyte on July 10, 2022.
             Was a Priest of Ignis.
             Mangled by a gnoll
             ... wielding a +0 halberd
              (13 damage)
             ... on level 2 of the Dungeon.
             The game lasted 00:02:14 (1166 turns).

mattiecakes the Poker (Meteoran Cinder Acolyte)     Turns: 1166, Time: 00:02:15

HP:   -8/29 (38)    AC:  2    Str: 17    XL:     4   Next: 44%
MP:   7/7           EV: 11    Int: 15    God:    Ignis [***...]
Gold: 61            SH:  0    Dex: 10    Spells: 5/5 levels left

rFire   + . .      SeeInvis .   a - -1 spear (flame)
rCold   . . .      Faith    .   (no shield)
rNeg    . . .      Spirit   .   b - +0 robe
rPois   .          Reflect  .   (no helmet)
rElec   .          Harm     .   (no cloak)
rCorr   .          Rampage  .   (no gloves)
Will    .....                   (no boots)
Stlth   +.........              (no amulet)
HPRegen 0.09/turn               (no ring)
MPRegen 0.10/turn               (no ring)

@: glowing, heavily drained
A: sense surroundings 1, otherworldly, glowing, explore regen
a: Renounce Religion, Fiery Armour, Foxfire Swarm


You were on level 2 of the Dungeon.
You worshipped Ignis.
Ignis was most pleased with you.
You visited 1 branch of the dungeon, and saw 2 of its levels.

You collected 61 gold pieces.

Inventory:

Hand Weapons
 a - a -1 spear of flaming (weapon)
Armour
 b - a +0 robe (worn)
Scrolls
 c - 2 scrolls of identify
 e - 2 scrolls of poison
 i - a scroll of fog {unknown}
Potions
 d - a potion of curing {unknown}
 f - a potion of lignification {unknown}
 g - a potion of heal wounds {unknown}
 h - a potion of might {unknown}


   Skills:
 - Level 3.2 Fighting
 + Level 5.8 Polearms
 - Level 1.3 Spellcasting
 - Level 3.6 Fire Magic


You had 5 spell levels left.
You didn't know any spells.
Your spell library contained the following spells:

 Spells                   Type           Power      Damage    Failure   Level
 Scorch                   Fire           22%        2d6       9%          2
 Magic Dart               Conj           4%         1d3       24%         1
 Necrotise                Necr           4%         1d4       24%         1
 Call Imp                 Summ           1%         N/A       34%         2
 Mephitic Cloud           Conj/Pois/Air  1%         N/A       56%         3


Dungeon Overview and Level Annotations

Branches:
Dungeon (2/15) Zot: 244

Altars:


Innate Abilities, Weirdness & Mutations

You passively map a small area around you.
You are easily found by Zot.
You glow in the dark.
You regain HP and MP as you explore.


Message History

Your summoned allies are left behind.
There is a shaft here.
Unknown command.
Unknown command.
You start waiting.
You start waiting.
You start waiting.
Your fiery armour burns out.
You start waiting.
HP restored.
Done exploring.
Done exploring.
Done exploring.
Done exploring.
(D) Dungeon
Where to? (Enter - D:2, ? - help)
What level of the Dungeon? (default 1, ? - help)
There is a stone staircase leading down here.
You climb downwards.
The gnoll hits you with a +0 halberd. The gnoll hits you with a +0 halberd!
There is a stone staircase leading up, spattered with blood here.
You hit the gnoll but do no damage. The gnoll hits you with a +0 halberd.
You hit the gnoll. You burn the gnoll.
The gnoll is lightly wounded.
You closely miss the gnoll.
The gnoll is lightly wounded.
The gnoll closely misses you.
You barely miss the gnoll.
The gnoll is lightly wounded.
The gnoll hits you with a +0 halberd.
You hit the gnoll. You burn the gnoll.
The gnoll is severely wounded.
The gnoll hits you with a +0 club. The gnoll closely misses you.
You are too injured to fight recklessly!
You barely miss the gnoll.
The gnoll is severely wounded.
The gnoll hits you with a +0 club.
* * * LOW HITPOINT WARNING * * *
The gnoll hits you with a +0 halberd!
You die...

#.#.# , #.# ###.#†###.*
#.# , ,, ..#..†..#.# #.# ,
#...#.#.#.# #g#
###.#.#.#.# #.#
....#.#.#.##### #.#
.####.#.#v#vv.,, #)# ,* .#
#.#.#.#.######.# .# ,
.#,,#.#.#....÷.g@..#..###
.# #.#.v...##..)g.......#
.#, *,#.v#####........)..#
.# ,#..# #...........# .#
, #..# #...........#
.######..#####...........#
.##......................#
###.###..#####...........#
..........(..#...........


You could see 2 gnolls.

Vanquished Creatures
  An adder (D:2)
  2 gnolls (D:2)
  2 ball pythons
  5 endoplasms (D:1)
  A giant cockroach (D:1)
  2 goblins (D:1)
  2 hobgoblins
  6 jackals
  2 quokkas (D:1)
  3 rats (D:1)
26 creatures vanquished.

Vanquished Creatures (others)
  5 foxfires (D:2)
5 creatures vanquished.

Grand Total: 31 creatures vanquished

Notes
Turn   | Place    | Note
-------+----------+-------------------------------------------
     0 | D:1      | mattiecakes the Meteoran Cinder Acolyte began the quest for
                  | the Orb.
     0 | D:1      | Reached XP level 1. HP: 19/19 MP: 3/3
    97 | D:1      | Found a faded altar of an unknown god.
   108 | D:1      | Got Plato's Omnibus of Despicable Rituals
   169 | D:1      | Reached skill level 4 in Polearms
   169 | D:1      | Reached XP level 2. HP: 17/26 MP: 5/5
   400 | D:1      | Reached XP level 3. HP: 13/31 MP: 6/6
   506 | D:1      | Glimpsed the power of Zot.
   556 | D:1      | Glimpsed the power of Zot.
   596 | D:1      | Glimpsed the power of Zot.
   606 | D:1      | Touched by the power of Zot.
   707 | D:1      | Glimpsed the power of Zot.
   765 | D:2      | Reached skill level 5 in Polearms
   854 | D:2      | Reached XP level 4. HP: 4/28 MP: 7/7
  1166 | D:2      | Mangled by a gnoll

Illustrated notes

Levels and vault maps discovered:
D:1:      minmay_arrival_widening_spiral_wide, layout_loops_ring,
          shapermc_ecumenical_altar_rom_forum
D:2:      layout_basic

Skill      XL: |  1  2  3 |
---------------+----------+-----
Polearms       | 4 5 |  5.8
Fighting       | |  3.2
Spellcasting   | |  1.3
Fire Magic     | |  3.6

Action                   |  1- 3 |  4- 6 || total
-------------------------+-------+-------++-------
Melee: Spear             |    80 |     7 ||    87
Invok: Foxfire Swarm     |     1 |     1 ||     2
       Fiery Armour      |     1 |     1 ||     2
       Rising Flame      |       |     1 ||     1
  Use: Scroll            |     2 |       ||     2
Armor: Robe              |    14 |       ||    14
Dodge: Dodged            |    38 |     2 ||    40

Table legend: (Time is in decaauts)
 A = Elapsed time spent in this place.
 B = Non-inter-level travel time spent in this place.
 C = Inter-level travel time spent in this place.
 D = Time resting spent in this place.
 E = Time spent auto-exploring this place.
 F = Levels seen in this place.
 G = Mean time per level.
                   A        B        C        D        E       F      G
               +--------+--------+--------+--------+--------+-----+--------+
         Total |   1154 |   1112 |     42 |    282 |    666 |   2 |  577.0 |
       Dungeon |   1154 |   1112 |     42 |    282 |    666 |   2 |  577.0 |
               +--------+--------+--------+--------+--------+-----+--------+

Top non-repeatable levels by time:
     D:1: 1041 daAuts
     D:2: 113 daAuts
